 Dungeon Crawl Stone Soup version 0.18.1-8-gdd0e5ea (webtiles) character file.

161 Scarto the Skirmisher (level 5, 0/42 HPs)
             Began as a Demonspawn Fighter on May 22, 2016.
             Killed by nerve-wracking pain
             ... invoked by an orc priest
              (7 damage)
             ... on level 3 of the Dungeon.
             The game lasted 00:03:19 (2202 turns).

Scarto the Skirmisher (Demonspawn Fighter)          Turns: 2202, Time: 00:03:20

Health: 0/42       AC:  9    Str: 23    XL:     5   Next: 19%
Magic:  0/5        EV:  5    Int:  9    God:
Gold:   78         SH:  9    Dex: 12    Spells: 0 memorised, 4 levels left

rFire  . . .     SeeInvis .     a - +0 war axe
rCold  . . .     Gourm    .     m - +0 chain mail
rNeg   . . .     Faith    .     c - +0 shield
rPois  .         Spirit   +     (helmet restricted)
rElec  .         Dismiss  .     (no cloak)
rCorr  .         Reflect  .     (no gloves)
SustAt .         Harm     .     (no boots)
MR     .....                    (no amulet)
Stlth  ..........               (no ring)
                                (no ring)

@: mighty, not resistant to hostile enchantments, extremely unstealthy
A: horns 1, powered by pain 1, magic shield
a: no special abilities


You were on level 3 of the Dungeon.
You were not hungry.

You visited 1 branch of the dungeon, and saw 3 of its levels.

You collected 78 gold pieces.

Inventory:

Hand Weapons
 a - a +0 war axe (weapon)
Armour
 c - a +0 shield (worn)
 m - a +0 chain mail (worn)
Scrolls
 b - a scroll of random uselessness {unknown}
 h - a scroll of identify
Potions
 d - a potion of might
 f - a potion of lignification {unknown}
 j - a potion of agility {unknown}
 k - a potion of cure mutation {unknown}
Comestibles
 g - 2 beef jerkies


   Skills:
 + Level 4.0 Fighting
 + Level 2.6 Axes
 + Level 3.6 Armour
 + Level 3.4 Shields


You had 4 spell levels left.
You didn't know any spells.

Dungeon Overview and Level Annotations

Branches:
Dungeon (3/15)

Altars:
Dithmenos


Innate Abilities, Weirdness & Mutations

You have a pair of small horns on your head.
You sometimes gain a little power by taking damage.
When hurt, damage is shared between your health and your magic reserves.


Message History

Drink which item? (? for menu, Esc to quit)
You feel better. You block the orc's attack.
You barely miss the orc. You block the orc's attack.
The orc priest calls down the wrath of Beogh upon you.
Beogh smites you!
* * * LOW HITPOINT WARNING * * *
You slice the orc!!
You kill the orc!
You slash the orc!
You kill the orc!
The orc priest hits you but does no damage.
You barely miss the orc priest.
The orc priest hits you but does no damage.
You barely miss the orc priest.
The orc priest hits you but does no damage.
You block the orc priest's attack.
You closely miss the orc priest.
The orc priest calls down the wrath of Beogh upon you.
Pain shoots through your body!
You die...

#...............
#............###
##..........### ##
##....#......##.$
####.#..........
#####............
##................
#..####..........o
#....@oo..........
#######...........
#........!..
##..........
##.....##..
####### #


You could see an orc priest and an orc.

Vanquished Creatures
  An orc wizard (D:3)
  A gnoll (D:1)
  4 adders
  An ooze (D:2)
  A worm (D:3)
  3 dart slugs (D:1)
  A giant gecko (D:2)
  8 orcs (D:3)
  4 giant cockroaches
  4 goblins
  12 hobgoblins
  2 jackals (D:2)
  A quokka (D:2)
  4 bats
  2 giant newts
  11 kobolds
  4 rats
64 creatures vanquished.

Notes
Turn   | Place    | Note
--------------------------------------------------------------
     0 | D:1      | Scarto the Demonspawn Fighter began the quest for the Orb.
     0 | D:1      | Reached XP level 1. HP: 18/18 MP: 1/1
   121 | D:1      | Gained mutation: When hurt, damage is shared between your health and your magic reserves. [demonic ancestry]
   121 | D:1      | Reached XP level 2. HP: 16/24 MP: 2/2
   544 | D:1      | Gained mutation: You have a pair of small horns on your head. [demonic ancestry]
   544 | D:1      | Reached XP level 3. HP: 29/29 MP: 3/3
  1224 | D:2      | Found a shadowy altar of Dithmenos.
  1290 | D:2      | Found a faded altar to an unknown god.
  1306 | D:2      | Gained mutation: You sometimes gain a little power by taking damage. [demonic ancestry]
  1306 | D:2      | Reached XP level 4. HP: 14/37 MP: 2/4
  1923 | D:3      | Reached skill level 4 in Fighting
  1928 | D:3      | HP: 1/37 [orc wizard/puff of frost (3)]
  1932 | D:3      | Reached XP level 5. HP: 2/42 MP: 1/5
  2202 | D:3      | Killed from afar by an orc priest

Skill      XL: |  1  2  3  4 |
---------------+-------------+-----
Axes           | 2 |  2.6
Armour         | 3 |  3.6
Shields        | 3 |  3.4
Fighting       | 4 |  4.0

Action                   |  1- 3 |  4- 6 || total
-------------------------+-------+-------++-------
Melee: War axe           |    89 |    59 ||   148
       Headbutt          |     8 |     7 ||    15
  Use: Scroll            |       |     2 ||     2
       Potion            |       |     2 ||     2
  Eat: Bread ration      |     1 |       ||     1
Armor: Scale mail        |    51 |    21 ||    72
       Chain mail        |       |    10 ||    10
Dodge: Dodged            |    23 |    21 ||    44
Block: Shield            |    29 |    30 ||    59
